 Dungeon Crawl Stone Soup version 0.31-a0-4-gefa6de2278 (webtiles) character file.

Game seed: 13032781745675226719

1190 howech the Twirler (level 8, 0/68 HPs)
             Began as a Minotaur Gladiator on May 4, 2023.
             Engulfed by a steam dragon's steam (2 damage)
             ... on level 6 of the Dungeon.
             The game lasted 00:14:44 (3990 turns).

howech the Twirler (Minotaur Gladiator)             Turns: 3990, Time: 00:14:44

Health: 0/68       AC:  5    Str: 18    XL:     8   Next: 19%
Magic:  10/10      EV: 18    Int:  7    God:
Gold:   253        SH:  0    Dex: 13    Spells: 12/12 levels left

rFire   . . .        a - +2 quarterstaff
rCold   . . .        (shield currently unavailable)
rNeg    . . .        b - +0 leather armour
rPois   .            c - +2 hat
rElec   .            (no cloak)
rCorr   .            (no gloves)
SInv    .            (no boots)
Will    .....        v - amulet of regeneration
Stlth   +            h - +5 ring of evasion
HPRegen 1.11/turn    (no ring)
MPRegen 0.12/turn

%: no passive effects
@: no status effects
A: horns 2, retaliatory headbutt
a: no special abilities


You were on level 6 of the Dungeon.
You visited 1 branch of the dungeon, and saw 6 of its levels.

You collected 253 gold pieces.

Inventory:

Hand Weapons
 a - a +2 quarterstaff (weapon)
Missiles
 d - a throwing net (quivered)
 e - a javelin
 l - 9 poisoned darts
Armour
 b - a +0 leather armour (worn)
 c - a +2 hat (worn)
 i - an orb of mayhem
Jewellery
 g - a ring of fire
 h - a +5 ring of evasion (left hand)
 v - an amulet of regeneration (around neck)
 w - an amulet of faith
 y - a ring of positive energy
Wands
 s - a wand of mindburst (6)
Scrolls
 j - a scroll of enchant weapon
 k - 3 scrolls of teleportation
 n - a scroll of enchant armour
 p - a scroll of identify
 A - a scroll of fear
Potions
 f - 5 potions of curing
 m - a potion of invisibility
 o - 4 potions of brilliance
 q - a potion of attraction
 r - 2 potions of cancellation
 t - 2 potions of mutation
 u - a potion of lignification
 x - a potion of might


   Skills:
 + Level 5.2 Fighting
 + Level 6.0 Staves
 + Level 4.4 Throwing
 + Level 4.4 Armour
 + Level 5.4 Dodging
 + Level 2.5 Spellcasting


You had 12 spell levels left.
You didn't know any spells.
Your spell library contained the following spells:

 Spells                   Type           Power      Damage    Failure   Level
 Magic Dart               Conj           0%         1d3       41%         1
 Searing Ray              Conj           0%         2d4       54%         2
 Summon Guardian Golem    Hex/Summ       0%         N/A       78%         3
 Fulminant Prism          Conj/Hex       0%         3d5       99%         4
 Orb of Destruction       Conj           0%         9d5       100%        7
 Spellforged Servitor     Conj/Summ      0%         N/A       100%        7


Dungeon Overview and Level Annotations

Branches:
Dungeon (6/15)
 Temple: D:4-7

Altars:
Okawaru
Ru
Xom
Zin
The Shining One

Annotations:
D:3 2 transporters, bande's ghost, amateur GrFi


Innate Abilities, Weirdness & Mutations

You have a pair of horns on your head.
You reflexively headbutt those who attack you in melee.


Message History

You closely miss the hound.
The hound is almost dead.
The hound closely misses you. The hound bites you.
You thump the hound!
You kill the hound!
A steam dragon comes into view.
Unknown command.
You hit the steam dragon.
The steam dragon is lightly wounded.
The steam dragon barely misses you. You furiously retaliate!
You headbutt the steam dragon. The steam dragon claws you.
You hit the steam dragon.
The steam dragon is moderately wounded.
The steam dragon barely misses you. x2
You closely miss the steam dragon. Your headbutt misses the steam dragon.
The steam dragon is moderately wounded.
The steam dragon breathes steam at you. The ball of steam hits you!!
You hear a shout!
You hit the steam dragon.
The steam dragon is heavily wounded.
You are engulfed in a cloud of scalding steam.
The steam dragon bites you! The steam dragon claws you.
Unknown command.
You closely miss the steam dragon. Your headbutt misses the steam dragon.
The steam dragon is heavily wounded.
You are engulfed in a cloud of scalding steam.
The steam dragon closely misses you. The steam dragon claws you.
Unknown command.
You barely miss the steam dragon.
The steam dragon is heavily wounded.
You are engulfed in a cloud of scalding steam.
* * * LOW HITPOINT WARNING * * *
The steam dragon breathes steam at you. The ball of steam hits you!
* * * LOW HITPOINT WARNING * * *
You hit the steam dragon.
The steam dragon is severely wounded.
You are engulfed in a cloud of scalding steam.
You die...

#.. #.. #..
.# #..
...##..
.......
#..D####
#..ยง@..#
.......##.#
.#.#### #.#
#<# #.# #.#
..# #.# ...


You could see a steam dragon.

Vanquished Creatures
  Pikel (D:5)
  An ogre (D:3)
  A phantom (D:4)
  2 lemures (D:4)
  A hound (D:6)
  2 gnoll boudas
  Ijyb (D:3)
  2 iguanas
  3 orc wizards (D:4)
  Robin (D:4)
  12 gnolls
  10 adders
  A shadow imp (D:5)
  A white imp (D:5)
  A worm (D:4)
  A dart slug (D:2)
  10 orcs
  10 ball pythons
  8 endoplasms
  3 giant cockroaches
  13 hobgoblins
  5 jackals
  4 quokkas
  5 bats
  2 frilled lizards (D:1)
  14 goblins
  3 kobolds
  3 rats
121 creatures vanquished.

Vanquished Creatures (others)
  13 plants (D:5)
13 creatures vanquished.

Grand Total: 134 creatures vanquished

Notes
Turn   | Place    | Note
-------+----------+-------------------------------------------
     0 | D:1      | howech the Minotaur Gladiator began the quest for the Orb.
     0 | D:1      | Reached XP level 1. HP: 18/18 MP: 0/0
    89 | D:1      | Found a faded altar of an unknown god.
   249 | D:1      | Reached XP level 2. HP: 25/25 MP: 1/1
   470 | D:1      | Reached skill level 4 in Staves
   531 | D:2      | Reached skill level 1 in Armour
   531 | D:2      | Reached XP level 3. HP: 30/30 MP: 2/2
   597 | D:2      | Reached XP level 4. HP: 33/38 MP: 3/3
  1183 | D:3      | Noticed Ijyb
  1211 | D:3      | Killed Ijyb
  1381 | D:3      | Found a transporter.
  1387 | D:3      | Reached XP level 5. HP: 45/45 MP: 5/5
  1387 | D:3      | Noticed bande's ghost (amateur GrFi)
  1388 | D:3      | Noticed an ogre
  1388 | D:3      | Noticed an ogre
  1390 | D:3      | Identified the +5 giant club "Bavis" {freeze, rC+}
  1390 | D:3      | Noticed an ogre
  1418 | D:3      | Reached skill level 1 in Spellcasting
  1709 | D:3      | Noticed an ogre
  1721 | D:3      | Killed an ogre
  1826 | D:3      | Found a transporter.
  1939 | D:3      | Found a shimmering altar of Xom.
  1943 | D:3      | Found an iron altar of Okawaru.
  2162 | D:4      | Reached XP level 6. HP: 52/52 MP: 6/6
  2353 | D:4      | Noticed Robin
  2378 | D:4      | Killed Robin
  2552 | D:4      | Reached skill level 5 in Staves
  2686 | D:4      | Found a sacrificial altar of Ru.
  2694 | D:4      | Reached XP level 7. HP: 60/60 MP: 8/8
  2856 | D:5      | Entered Level 5 of the Dungeon
  3043 | D:5      | Noticed Pikel
  3559 | D:5      | Killed Pikel
  3560 | D:5      | Reached skill level 5 in Fighting
  3560 | D:5      | Reached skill level 5 in Dodging
  3560 | D:5      | Reached XP level 8. HP: 68/68 MP: 8/10
  3734 | D:5      | Reached skill level 6 in Staves
  3803 | D:5      | Found a glowing silver altar of Zin.
  3803 | D:5      | Found a glowing golden altar of the Shining One.
  3989 | D:6      | HP: 2/68 [steam dragon/ball of steam (16)]
  3990 | D:6      | Engulfed by a steam dragon's steam

Illustrated notes

Levels and vault maps discovered:
D:1:      beargit_arrival_greenhouse, layout_rooms,
          chequers_ecumenical_altar_simple, kennysheep_doodads, minivault_11
D:2:      layout_basic, minmay_close_crescents
D:3:      layout_basic, minitemple, serial_glass, glass_columns_a,
          glass_columns_a, gammafunk_ghost_smash,
          chequers_serial_rivers_micro_a, uniq_ijyb
D:4:      layout_rooms, nicolae_ru_great_annihilating_truth,
          minmay_misc_feat_rows, uniq_robin
D:5:      layout_cave_pools, gammafunk_temple_overflow_elements, serial_bayou,
          serial_bayou_shore_a, serial_bayou_pond_d, serial_bayou_lagoon_b,
          serial_bayou_pond_d, serial_bayou_ford_a, uniq_pikel
D:6:      layout_loops_ring, nicolae_ashenzari_panopticon, temple_fountains

Skill      XL: |  1  2  3  4  5  6  7  8 |
---------------+-------------------------+-----
Staves         | 4 5 6 |  6.0
Armour         | 1 2 3 4 |  4.4
Fighting       | 3 4 5 |  5.2
Dodging        | 4 5 |  5.4
Spellcasting   | 1 2 |  2.5
Throwing       | 3 4 |  4.4

Action                     |  1- 3 |  4- 6 |  7- 9 || total
---------------------------+-------+-------+-------++-------
  Melee: Quarterstaff      |    46 |   131 |    82 ||   259
         Headbutt          |     9 |    19 |    14 ||    42
  Throw: Throwing net      |       |     1 |     3 ||     4
    Use: Scroll            |     3 |     6 |     5 ||    14
         Potion            |       |     4 |     1 ||     5
   Stab: Paralysed         |       |       |     1 ||     1
 Armour: Leather armour    |     3 |    19 |     8 ||    30
  Dodge: Dodged            |    47 |    98 |    76 ||   221

Table legend: (Time is in decaauts)
 A = Elapsed time spent in this place.
 B = Non-inter-level travel time spent in this place.
 C = Inter-level travel time spent in this place.
 D = Time resting spent in this place.
 E = Time spent auto-exploring this place.
 F = Levels seen in this place.
 G = Mean time per level.
                   A        B        C        D        E       F      G
               +--------+--------+--------+--------+--------+-----+--------+
         Total |   4055 |   3854 |    201 |    501 |   2256 |   6 |  675.8 |
       Dungeon |   4055 |   3854 |    201 |    501 |   2256 |   6 |  675.8 |
               +--------+--------+--------+--------+--------+-----+--------+

Top non-repeatable levels by time:
     D:3: 1091 daAuts
     D:5: 970 daAuts
     D:4: 858 daAuts
     D:2: 596 daAuts
     D:1: 519 daAuts
     D:6: 18 daAuts
